MID
CEDAR RAPIDS KERNELS @ CHARLESTON RIVERDOGS
04/21/2044
 
TOP OF THE 1ST
Cedar Rapids Kernels batting - Pitching for Charleston RiverDogs : RHP Jason Barlow
Pitching: RHP Jason Barlow
Batting: LHB Jim Pankratz 0-0: Ball
1-0: Foul Ball, location: 2F
1-1: Ball
2-1: Ball
3-1: Called Strike
3-2: Base on Balls
Batting: SHB Shohei Fujii 0-0: Ball
Jim Pankratz is caught stealing 2nd base 2-6
1-0: Foul Ball, location: 2F
1-1: Ball
2-1: Swinging Strike
2-2: Strikes out looking
Batting: RHB J.J. Powers 0-0: Called Strike
0-1: Ground out 5-3 (Groundball, 56, EV 91.9 MPH)
Top of the 1st over - 0 runs, 0 hits, 0 errors, 0 left on base; Cedar Rapids 0 - Charleston 0
BOTTOM OF THE 1ST
Charleston RiverDogs batting - Pitching for Cedar Rapids Kernels : LHP Bobby Molina
Pitching: LHP Bobby Molina
Batting: RHB Miguel Leal 0-0: Foul Ball, location: 2F
0-1: Swinging Strike
0-2: Ball
1-2: Ball
2-2: Strikes out swinging
Batting: RHB Brandon Lemay 0-0: Ball
1-0: Called Strike
1-1: Called Strike
1-2: Strikes out looking
Batting: RHB Riley Nasiir 0-0: Called Strike
0-1: Ground out 6-3 (Groundball, 6, EV 83.8 MPH)
Bottom of the 1st over - 0 runs, 0 hits, 0 errors, 0 left on base; Cedar Rapids 0 - Charleston 0
TOP OF THE 2ND
Cedar Rapids Kernels batting - Pitching for Charleston RiverDogs : RHP Jason Barlow
Batting: RHB Matt Dunn 0-0: Foul Ball, location: 2F
0-1: Swinging Strike
0-2: Strikes out swinging
Batting: LHB Mike Handrahan 0-0: Ball
1-0: Called Strike
1-1: Foul Ball, location: 2F
1-2: Ball
2-2: Foul Ball, location: 2F
2-2: Fly out, F5 (Flyball, 56D, EV 85.6 MPH)
Batting: RHB Jon Avila 0-0: Foul Ball, location: 2F
0-1: Called Strike
0-2: Strikes out swinging
Top of the 2nd over - 0 runs, 0 hits, 0 errors, 0 left on base; Cedar Rapids 0 - Charleston 0
BOTTOM OF THE 2ND
Charleston RiverDogs batting - Pitching for Cedar Rapids Kernels : LHP Bobby Molina
Batting: SHB Reagan Dudley 0-0: Called Strike
0-1: Ball
1-1: Foul Ball, location: 2F
1-2: Ball
2-2: SINGLE (Groundball, 5D, EV 96.2 MPH)
Batting: RHB Herb Craig 0-0: Called Strike
0-1: Called Strike
0-2: Ball
1-2: Foul Ball, location: 2F
1-2: Ball
2-2: Foul Ball, location: 2F
2-2: Strikes out swinging
Batting: SHB Mike Goad 0-0: Called Strike
0-1: Foul Ball, location: 2F
0-2: Ball
1-2: Strikes out swinging
Batting: RHB Tim Nordahl 0-0: Foul Ball, location: 2F
0-1: Ball
1-1: Ball
2-1: Ground out 6-3 (Groundball, 6S, EV 89.4 MPH)
Bottom of the 2nd over - 0 runs, 1 hit, 0 errors, 1 left on base; Cedar Rapids 0 - Charleston 0
TOP OF THE 3RD
Cedar Rapids Kernels batting - Pitching for Charleston RiverDogs : RHP Jason Barlow
Batting: SHB Roberto Camarena 0-0: Ball
1-0: SINGLE (Flyball, 4D, EV 83.1 MPH)
Batting: RHB Orlando Blanco 0-0: Ball
1-0: Fly out, F8 (Flyball, 8RD, EV 86.9 MPH)
Batting: SHB Duri Chilemba 0-0: Called Strike
0-1: SINGLE (Groundball, 6MS, EV 62.5 MPH) (infield hit)
Roberto Camarena to second
Batting: LHB Jim Pankratz 0-0: Swinging Strike
0-1: Foul Ball, location: 2F
0-2: Ball
1-2: Ball
2-2: Ball
3-2: Fielders Choice at 2nd, 5-4 (Groundball, 5, EV 100.6 MPH)
Roberto Camarena to third
Batting: SHB Shohei Fujii 0-0: Foul Ball, location: 2F
0-1: Foul Ball, location: 2F
0-2: Ball
1-2: Ball
2-2: Strikes out swinging
Top of the 3rd over - 0 runs, 2 hits, 0 errors, 2 left on base; Cedar Rapids 0 - Charleston 0
BOTTOM OF THE 3RD
Charleston RiverDogs batting - Pitching for Cedar Rapids Kernels : LHP Bobby Molina
Batting: RHB Jose Garza 0-0: Ball
1-0: Called Strike
1-1: Called Strike
1-2: Foul Ball, location: 2F
1-2: Fly out, F4 (Popup, 13, EV 81.2 MPH)
Batting: RHB Carlos Guadarrama 0-0: Called Strike
0-1: Ball
1-1: Called Strike
1-2: Strikes out swinging
Batting: RHB Miguel Leal 0-0: Ball
1-0: Ball
2-0: Ball
3-0: Fly out, F2 (Popup, 3SF, EV 78.8 MPH)
Bottom of the 3rd over - 0 runs, 0 hits, 0 errors, 0 left on base; Cedar Rapids 0 - Charleston 0
TOP OF THE 4TH
Cedar Rapids Kernels batting - Pitching for Charleston RiverDogs : RHP Jason Barlow
Batting: RHB J.J. Powers 0-0: Ball
1-0: Foul Ball, location: 2F
1-1: Called Strike
1-2: Ball
2-2: Ball
3-2: Base on Balls
Batting: RHB Matt Dunn 0-0: Ball
J.J. Powers steals 2nd base
1-0: Ball
2-0: Ball
3-0: Base on Balls
Batting: LHB Mike Handrahan 0-0: Called Strike
0-1: Foul Ball, location: 2F
0-2: Strikes out swinging
Batting: RHB Jon Avila 0-0: Ball
1-0: Hit by Pitch
J.J. Powers to third
Matt Dunn to second
Batting: SHB Roberto Camarena 0-0: Ball
1-0: Swinging Strike
1-1: Swinging Strike
1-2: Foul Ball, location: 2F
1-2: Foul Ball, location: 2F
1-2: Foul Ball, location: 2F
1-2: Foul Ball, location: 2F
1-2: Foul Ball, location: 2F
1-2: TRIPLE (Line Drive, 89XD, EV 99.4 MPH)
J.J. Powers scores
Matt Dunn scores
Jon Avila scores
Batting: RHB Orlando Blanco 0-0: Swinging Strike
0-1: Swinging Strike
0-2: Ball
1-2: Foul Ball, location: 2F
1-2: Ball
2-2: Foul Ball, location: 2F
2-2: Fly out, F8 (Flyball, 8LXD, EV 83.8 MPH)
Runner from 3rd tags up, SCORES, no throw by CF
Batting: SHB Duri Chilemba 0-0: Swinging Strike
0-1: Ground out 4-3 (Groundball, 4S, EV 88.1 MPH)
Top of the 4th over - 4 runs, 1 hit, 0 errors, 0 left on base; Cedar Rapids 4 - Charleston 0
BOTTOM OF THE 4TH
Charleston RiverDogs batting - Pitching for Cedar Rapids Kernels : LHP Bobby Molina
Batting: RHB Brandon Lemay 0-0: Called Strike
0-1: Ball
1-1: Called Strike
1-2: Ball
2-2: Foul Ball, location: 2F
2-2: Fly out, F8 (Line Drive, 89M, EV 95.6 MPH)
Batting: RHB Riley Nasiir 0-0: Ball
1-0: Ball
2-0: Ball
3-0: Called Strike
3-1: Called Strike
3-2: SINGLE (Groundball, 56S, EV 71.2 MPH) (infield hit)
Batting: SHB Reagan Dudley Pickoff Throw to First - Out! 1-3
0-0: Ball
1-0: Ball
2-0: Called Strike
2-1: Ball
3-1: Base on Balls
Batting: RHB Herb Craig 0-0: Called Strike
0-1: Ball
Pickoff Throw to First - Out! 1-3
Bottom of the 4th over - 0 runs, 1 hit, 0 errors, 0 left on base; Cedar Rapids 4 - Charleston 0
TOP OF THE 5TH
Cedar Rapids Kernels batting - Pitching for Charleston RiverDogs : RHP Jason Barlow
Batting: LHB Jim Pankratz 0-0: Foul Ball, location: 2F
0-1: Ground out 6-3 (Groundball, 6S, EV 91.9 MPH)
Batting: SHB Shohei Fujii 0-0: Called Strike
0-1: Ground out 6-3 (Groundball, 4MD, EV 98.1 MPH)
Batting: RHB J.J. Powers 0-0: Swinging Strike
0-1: Ball
1-1: Ball
2-1: Foul Ball, location: 2F
2-2: Foul Ball, location: 2F
2-2: Foul Ball, location: 2F
2-2: Ground out U3 (Groundball, 3S, EV 72.5 MPH)
Top of the 5th over - 0 runs, 0 hits, 0 errors, 0 left on base; Cedar Rapids 4 - Charleston 0
BOTTOM OF THE 5TH
Charleston RiverDogs batting - Pitching for Cedar Rapids Kernels : LHP Bobby Molina
Batting: RHB Herb Craig 0-0: Ball
1-0: Foul Ball, location: 2F
1-1: Foul Ball, location: 2F
1-2: Strikes out looking
Batting: SHB Mike Goad 0-0: Ball
1-0: Ball
2-0: Ball
3-0: Called Strike
3-1: Foul Ball, location: 2F
3-2: Strikes out swinging
Batting: RHB Tim Nordahl 0-0: Ball
1-0: Ball
2-0: Called Strike
2-1: Foul Ball, location: 2F
2-2: Strikes out swinging
Bottom of the 5th over - 0 runs, 0 hits, 0 errors, 0 left on base; Cedar Rapids 4 - Charleston 0
TOP OF THE 6TH
Cedar Rapids Kernels batting - Pitching for Charleston RiverDogs : RHP Jason Barlow
Batting: RHB Matt Dunn 0-0: Ball
1-0: Foul Ball, location: 2F
1-1: Ball
2-1: Fly out, F5 (Popup, 5SF, EV 69.4 MPH)
Batting: LHB Mike Handrahan 0-0: Called Strike
0-1: Ball
1-1: Ball
2-1: Ball
3-1: Foul Ball, location: 2F
3-2: Foul Ball, location: 2F
3-2: Fly out, F9 (Flyball, 89D, EV 89.4 MPH)
Batting: RHB Jon Avila 0-0: Ball
1-0: Ball
2-0: SINGLE (Flyball, 8RS, EV 95.0 MPH)
Batting: SHB Roberto Camarena 0-0: Called Strike
Jon Avila is caught stealing 2nd base 2-6
Top of the 6th over - 0 runs, 1 hit, 0 errors, 0 left on base; Cedar Rapids 4 - Charleston 0
BOTTOM OF THE 6TH
Charleston RiverDogs batting - Pitching for Cedar Rapids Kernels : LHP Bobby Molina
Batting: RHB Jose Garza 0-0: Called Strike
0-1: Ball
1-1: Ball
2-1: Foul Ball, location: 2F
2-2: Ground out 4-3 (Groundball, 4S, EV 79.4 MPH)
Pitching: RHP Andy Symons
Batting: RHB Carlos Guadarrama 0-0: Ball
1-0: Ball
2-0: Called Strike
2-1: Ball
3-1: Ground out 5-3 (Groundball, 56S, EV 86.2 MPH)
Batting: RHB Miguel Leal 0-0: Foul Ball, location: 2F
0-1: Ball
1-1: Called Strike
1-2: Ball
2-2: Ground out 5-3 (Groundball, 56S, EV 86.2 MPH)
Bottom of the 6th over - 0 runs, 0 hits, 0 errors, 0 left on base; Cedar Rapids 4 - Charleston 0
TOP OF THE 7TH
Cedar Rapids Kernels batting - Pitching for Charleston RiverDogs : RHP Jason Barlow
Pitching: RHP Chris Hague
Batting: SHB Roberto Camarena 0-0: Ground out 4-3 (Groundball, 4, EV 85.0 MPH)
Batting: RHB Orlando Blanco 0-0: Ground out 4-3 (Groundball, 4, EV 87.5 MPH)
Batting: SHB Duri Chilemba 0-0: Ball
1-0: Fly out, F8 (Flyball, 8LD, EV 90.6 MPH)
Top of the 7th over - 0 runs, 0 hits, 0 errors, 0 left on base; Cedar Rapids 4 - Charleston 0
BOTTOM OF THE 7TH
Charleston RiverDogs batting - Pitching for Cedar Rapids Kernels : RHP Andy Symons
Pitching: LHP Mark Challinor
Batting: RHB Brandon Lemay 0-0: Called Strike
0-1: Ball
1-1: Foul Ball, location: 2F
1-2: Foul Ball, location: 2F
1-2: Foul Ball, location: 2F
1-2: SINGLE (Groundball, 4MD, EV 96.2 MPH)
Batting: RHB Riley Nasiir 0-0: Called Strike
0-1: Ball
1-1: Ball
2-1: DOUBLE (Flyball, 8LXD, EV 91.9 MPH)
Brandon Lemay to third
Batting: SHB Reagan Dudley 0-0: Ball
1-0: Foul Ball, location: 2F
1-1: Called Strike
1-2: Fly out, F3 (Flyball, 34D, EV 85.6 MPH)
Batting: RHB Herb Craig 0-0: Fly out, F9 (Flyball, 89S, EV 79.4 MPH)
Batting: SHB Mike Goad 0-0: Swinging Strike
0-1: Foul Ball, location: 2F
0-2: Ball
1-2: Foul Ball, location: 2F
1-2: Strikes out swinging
Bottom of the 7th over - 0 runs, 2 hits, 0 errors, 2 left on base; Cedar Rapids 4 - Charleston 0
TOP OF THE 8TH
Cedar Rapids Kernels batting - Pitching for Charleston RiverDogs : RHP Chris Hague
Batting: LHB Jim Pankratz 0-0: Ball
1-0: Called Strike
1-1: Called Strike
1-2: Foul Ball, location: 2F
1-2: Strikes out swinging
Batting: SHB Shohei Fujii 0-0: SINGLE (Flyball, 5D, EV 93.8 MPH)
Batting: RHB J.J. Powers 0-0: Ground out 1-3 (Groundball, 34S, EV 63.1 MPH)
Shohei Fujii to second
Batting: RHB Matt Dunn 0-0: Ball
Shohei Fujii steals 3rd base
1-0: Called Strike
1-1: Ball
2-1: Fly out, F9 (Line Drive, 9, EV 96.9 MPH)
Top of the 8th over - 0 runs, 1 hit, 0 errors, 1 left on base; Cedar Rapids 4 - Charleston 0
BOTTOM OF THE 8TH
Charleston RiverDogs batting - Pitching for Cedar Rapids Kernels : LHP Mark Challinor
Pitching: RHP Steven Legge
Batting: RHB Tim Nordahl 0-0: Swinging Strike
0-1: Ball
1-1: Called Strike
1-2: Strikes out swinging
Batting: RHB Jose Garza 0-0: Called Strike
0-1: Ball
1-1: Foul Ball, location: 2F
1-2: Ball
2-2: Foul Ball, location: 2F
2-2: Ball
3-2: Strikes out swinging
Batting: RHB Carlos Guadarrama 0-0: Ball
1-0: Ball
2-0: Ball
3-0: Base on Balls
Batting: RHB Miguel Leal 0-0: Called Strike
0-1: Ground out 4-3 (Groundball, 4S, EV 85.0 MPH)
Bottom of the 8th over - 0 runs, 0 hits, 0 errors, 1 left on base; Cedar Rapids 4 - Charleston 0
TOP OF THE 9TH
Cedar Rapids Kernels batting - Pitching for Charleston RiverDogs : RHP Chris Hague
Batting: LHB Mike Handrahan 0-0: Called Strike
0-1: Ball
1-1: Swinging Strike
1-2: Strikes out looking
Batting: RHB Jon Avila 0-0: Called Strike
0-1: Ball
1-1: Ball
2-1: Foul Ball, location: 2F
2-2: Ball
3-2: Base on Balls
Batting: SHB Roberto Camarena 0-0: Called Strike
0-1: Swinging Strike
0-2: Ball
1-2: Foul Ball, location: 2F
1-2: Foul Ball, location: 2F
1-2: Fielders Choice at 2nd, 3-6 (Groundball, 34S, EV 81.9 MPH)
Batting: RHB Orlando Blanco 0-0: Called Strike
0-1: Called Strike
Roberto Camarena steals 2nd base (no throw)
0-2: Ball
1-2: Ball
2-2: Ground out 4-3 (Groundball, 4, EV 110.6 MPH)
Top of the 9th over - 0 runs, 0 hits, 0 errors, 1 left on base; Cedar Rapids 4 - Charleston 0
BOTTOM OF THE 9TH
Charleston RiverDogs batting - Pitching for Cedar Rapids Kernels : RHP Steven Legge
Batting: RHB Brandon Lemay 0-0: Ball
1-0: SOLO HOME RUN (Flyball, 89XD, EV 106.9 MPH), Distance : 424 ft
Batting: RHB Riley Nasiir 0-0: Foul Ball, location: 2F
0-1: Ball
1-1: Ball
2-1: Ball
3-1: Base on Balls
Batting: SHB Reagan Dudley 0-0: SINGLE (Groundball, 34D, EV 107.5 MPH)
Riley Nasiir to second
Pinch Hitting: LHB Eddie Ramirez 0-0: Called Strike
0-1: Ball
1-1: Fielders Choice at 2nd, 6-4 (Groundball, 6, EV 100.6 MPH)
Riley Nasiir to third
Batting: SHB Mike Goad 0-0: Called Strike
0-1: Fielders Choice at 2nd, 4-6 (Groundball, 4, EV 81.9 MPH)
Riley Nasiir scores
Batting: RHB Tim Nordahl 0-0: Ball
1-0: Called Strike
1-1: Fielders Choice at 2nd, 5-4 (Groundball, 5, EV 108.1 MPH)
Bottom of the 9th over - 2 runs, 2 hits, 0 errors, 1 left on base; Cedar Rapids 4 - Charleston 2
Thursday, March 31st , 2022 - OOTP Baseball 22.12 Build 89